Cogmind - Beta 14 @@@ ROGUE MODE // 2025.01.05 @ 12:45:30 Player: Thqwib Result: Destroyed by Y-64 Sentinel with KE Penetrator Performance ------------- Evolutions (3) 1500 Regions Visited (7) 1400 Robots Destroyed (62) 310 Value Destroyed (2007) 2007 Prototype IDs (27) 540 Alien Tech Used (0) 0 Bonus (403) 403 TOTAL SCORE: 6160 Bonus ------- High Alert Combat Kills 37 Follower Combat Kills 66 Aligned with FarCom 300 Cogmind --------- Core Integrity 0/700 Matter 97/300 Energy 100/100 System Corruption 7% Temperature Cool (9) Movement Core (50) Location -7/Lower Caves Parts ------- > --- POWER (1) -------- (None) > --- PROPULSION (3) --- (None) > --- UTILITY (6) ------ Machine Analyzer Improved Signal Interpreter Improved Melee Analysis Suite > --- WEAPON (3) ------- (None) > --- INVENTORY (5) ---- (None) Peak State ------------ > --- POWER ------------ Light Nuclear Core > --- PROPULSION ------- Aluminum Leg Carbon-fiber Leg Carbon-fiber Leg > --- UTILITY ---------- Medium Storage Unit Machine Analyzer 0b10 Alert Chip Improved Melee Analysis Suite Target Analyzer Microactuators > --- WEAPON ----------- Greatsword Longsword +1 > --- INVENTORY -------- Carbon-fiber Leg Improved Heat Sink Structural Scanner Improved Sensor Array Improved Signal Interpreter Force Booster Heavy Armor Plating System Restoration Module Rocket Array [Rating: 50] Favorites ----------- Power Nuclear Core Engine Light Ion Engine Power Core Nuclear Core Propulsion Wheel Leg Carbon-fiber Leg Wheel Wheel Flight Unit Cesium-ion Thruster Utility 0b10 Alert Chip Device Force Booster Storage Medium Storage Unit Processor 0b10 Alert Chip Protection Improved Utility Shielding Weapon Longsword +1 Energy Gun Small Laser Ballistic Gun Assault Rifle Ballistic Cannon Gauss Cannon Launcher Rocket Array Impact Weapon Powered Hammer Slashing Weapon Longsword +1 Build | -11 -10 -10 -10 -9 -8 -7 -7 ------- Run | Yrd Mat Min Exi Min Mat Fac Low Slots Evolved 6 | . . . . . 4 2 . Power . | . . . . . . . . Propulsion 1 | . . . . . 1 . . Utility 4 | . . . . . 2 2 . Weapon 1 | . . . . . 1 . . Parts Attached 75 | . 8 2 . . 17 43 5 Power 9 | . . 1 . . 1 7 . Engine 3 | . . 1 . . . 2 . Core 6 | . . . . . 1 5 . Reactor . | . . . . . . . . Propulsion 27 | . 5 . . . 5 16 1 Treads . | . . . . . . . . Leg 13 | . . . . . 3 10 . Wheel 9 | . 5 . . . 2 2 . Hover . | . . . . . . . . Flight 5 | . . . . . . 4 1 Utility 23 | . 1 . . . 6 13 3 Device 10 | . . . . . 1 8 1 Storage 2 | . . . . . 2 . . Processor 9 | . 1 . . . 3 4 1 Hackware . | . . . . . . . . Protection 2 | . . . . . . 1 1 Artifact . | . . . . . . . . Weapon 16 | . 2 1 . . 5 7 1 Energy Gun 2 | . 1 1 . . . . . Energy Cannon . | . . . . . . . . Ballistic Gun 5 | . 1 . . . 2 2 . Ballistic Cannon 1 | . . . . . . 1 . Launcher 2 | . . . . . 1 . 1 Special Weapon . | . . . . . . . . Impact Weapon 1 | . . . . . . 1 . Slashing Weapon 5 | . . . . . 2 3 . Piercing Weapon . | . . . . . . . . Special Melee Weapon . | . . . . . . . . Unidentified Prototypes 2 | . . . . . 1 1 . Parts Lost 15 | . 1 . . . . 9 5 Power 3 | . . . . . . 3 . Propulsion 7 | . 1 . . . . 3 3 Utility 3 | . . . . . . 1 2 Weapon 2 | . . . . . . 2 . Highest Loss Streak 3 | . 1 . . . . 2 3 To Critical Strikes . | . . . . . . . . Average Slot Usage (%) 91 | . 95 100 100 86 97 88 67 Engine 5 | . 14 14 14 14 1 1 . Core 4 | . . . . . 7 5 4 Leg 7 | . . . . . 3 14 . Wheel 12 | . 26 28 28 15 22 1 . Flight 2 | . . . . . . 4 16 Device 5 | . . . . . 8 7 8 Storage 8 | . 14 14 14 14 9 5 . Processor 22 | . 11 14 14 14 18 30 28 Energy Gun 4 | . 14 14 14 14 . . . Ballistic Gun 6 | . 14 14 14 14 9 . . Slashing Weapon 8 | . . . . . 15 12 1 Peak Build Rating 50 | . 8 8 9 9 40 50 48 Average Rating 31 | . 6 7 8 8 36 45 27 On Entrance 16 | 6 6 8 7 9 8 40 47 Naked Turns . | . . . . . . . . Heaviest Build 43 | 13 13 13 11 11 43 42 9 Greatest Support 47 | 20 20 20 20 20 45 47 15 Greatest Overweight (x) 4 | . 1 . . 1 1 4 . Average Overweight (x) . | . . . . . . . . Largest Inventory Capacity 15 | . 8 8 8 8 15 10 5 Average Capacity 8 | . 8 8 8 8 10 8 5 Most Carried 11 | . 8 7 8 8 11 10 5 Average Carried 7 | . 5 6 7 7 9 8 1 Final Capacity 10 | 8 8 8 8 8 10 5 5 Final Carried 10 | 6 7 6 8 8 10 5 . Class Distribution -------------------- 38% | Mutant 36% | Gladiator 11% | Scavenger-Gladiator 7% | Scout 3% | Scavenger-Mutant Dominant Class ---------------- Mutant | -10/Materials Mutant | -10/Mines Mutant | -10/Exiles Mutant | -9/Mines Gladiator | -8/Materials Gladiator | -7/Factory Gladiator | -7/Lower Caves Resources | -11 -10 -10 -10 -9 -8 -7 -7 ----------- Run | Yrd Mat Min Exi Min Mat Fac Low Matter Collected 920 | 200 146 53 . 6 170 345 . Remotely . | . . . . . . . . Salvage Created 2672 | . 316 184 . 53 504 1481 134 Parts 127 | . 17 10 . 1 21 74 4 Haulers Intercepted 2 | . . . . . 1 1 . Recyclers Shooed 1 | . 1 . . . . . . Parts Field Recycled . | . . . . . . . . Retrieved Matter . | . . . . . . . . Parts Self-Destructed . | . . . . . . . . Prevented . | . . . . . . . . Kills | -11 -10 -10 -10 -9 -8 -7 -7 ------- Run | Yrd Mat Min Exi Min Mat Fac Low Combat Hostiles Destroyed 44 | . 5 4 . 1 5 24 5 Melee 29 | . . . . . 5 24 . Guns 10 | . 5 4 . 1 . . . AOE 5 | . . . . . . . 5 Classes Destroyed 11 | . 3 1 . 1 2 2 2 Worker 5 | . . . . . . 5 . Hauler 2 | . . . . . 1 1 . Recycler 6 | . 1 1 . . 2 2 . Watcher 5 | . 1 . . . 2 2 . Swarmer 11 | . . 2 . . . 9 . Grunt 18 | . 5 2 . . 2 7 2 Brawler 2 | . . . . . . . 2 Duelist 1 | . . . . . . . 1 Sentry 7 | . . . . 1 1 5 . Hunter 4 | . . . . . 2 2 . Programmer 1 | . . . . . . 1 . Best Kill Streak 10 | . 4 3 . 1 2 10 5 Combat Bots Only 5 | . 1 2 . 1 2 4 5 Max Kills in Single Turn 3 | . 1 2 . 1 1 1 3 Gunslinging . | . . . . . . . . Exploded 3 | . . . . . . . 3 Melee 1 | . . . . . 1 1 . Uniques/NPCs Destroyed . | . . . . . . . . Combat | -11 -10 -10 -10 -9 -8 -7 -7 -------- Run | Yrd Mat Min Exi Min Mat Fac Low Hostile Shots Fired 335 | . 33 18 . . 29 226 29 Missed 112 | . 6 3 . . 11 87 5 Damage Taken 2864 | . 345 172 . . 262 1580 505 Core 904 | . 75 66 . . 62 349 352 Absorbed by Shields . | . . . . . . . . Regen/Repaired (Parts) 104 | . . . . . . 104 . Core Remaining (%) 77 | 100 . . . 43 88 . . Volleys Fired 38 | . 25 9 . 2 . . 2 Largest 2 | . 2 2 . 2 . . 1 Hottest 60 | . 60 60 . 60 . . 45 Shots Fired 74 | . 50 18 . 4 . . 2 Gun 72 | . 50 18 . 4 . . . Cannon . | . . . . . . . . Launcher 2 | . . . . . . . 2 Special . | . . . . . . . . Kinetic 36 | . 25 9 . 2 . . . Thermal 36 | . 25 9 . 2 . . . Explosive 2 | . . . . . . . 2 Electromagnetic . | . . . . . . . . Robot Hit Streak 14 | . 9 14 . 5 . . 3 Robot Miss Streak 3 | . 2 1 . . . . 3 Penetration Max . | . . . . . . . . Secondary Targets 1 | . . 1 . . . . . Max Gunslinging Chain 1 | . . 1 . . . . . Shots Hit Robots 145 | . 35 15 . 3 21 68 3 Core Hits 100 | . 17 8 . 2 9 31 33 Critical Kills . | . . . . . . . . Critical Parts Destroyed 1 | . . . . . . . 1 Critical Strikes 12 | . . . . . 3 8 1 Smash 1 | . . . . . . . 1 Sever 11 | . . . . . 3 8 . Melee Attacks 140 | . . . . . 23 114 3 Impact 4 | . . . . . . 3 1 Slashing 136 | . . . . . 23 111 2 Piercing . | . . . . . . . . Sneak Attacks 12 | . . . . . 5 7 . Combat Hostiles 2 | . . . . . 2 . . Follow-up Attacks 5 | . . . . . 2 3 . Damage Inflicted 6585 | . 408 189 . 37 1348 3559 1044 Guns 634 | . 408 189 . 37 . . . Cannons . | . . . . . . . . Explosions 963 | . . . . . . . 963 Melee 4983 | . . . . . 1348 3559 76 Ramming 5 | . . . . . . . 5 Kinetic 332 | . 215 103 . 14 . . . Thermal 302 | . 193 86 . 23 . . . Explosive 963 | . . . . . . . 963 Electromagnetic . | . . . . . . . . Impact 30 | . . . . . . . 30 Slashing 4953 | . . . . . 1348 3559 46 Piercing . | . . . . . . . . Highest Corruption 7 | . . . . . . 7 7 Average Corruption 3 | . . . . . . 2 7 Corruption Purged 3 | . . . . . . 3 . Corruption Blocked . | . . . . . . . . Effects 25 | . . . . . . 23 2 Message Errors 7 | . . . . . . 7 . Matter Fused 8 | . . . . . . 7 1 Heat Flow Errors 1 | . . . . . . 1 . Energy Discharges 3 | . . . . . . 3 . Parts Rejected 1 | . . . . . . . 1 Data Loss (minor) 1 | . . . . . . 1 . Data Loss (major) 2 | . . . . . . 2 . Alerts 2 | . . . . . . 2 . Overload Shots . | . . . . . . . . Overflow Damage 432 | . . . . . 86 305 41 Projectiles . | . . . . . . . . Explosions 20 | . . . . . . . 20 Melee 412 | . . . . . 86 305 21 Knockbacks . | . . . . . . . . Impact . | . . . . . . . . Kinetic . | . . . . . . . . Secondary . | . . . . . . . . Self-Inflicted Damage 23 | . . . . . . . 23 Shots 1 | . . . . . . . 1 Rammed 2 | . . . . . . . 2 Targets Rammed 2 | . . . . . . . 2 Kicked . | . . . . . . . . Crushed . | . . . . . . . . Highest Temperature 161 | . 63 78 . . . 161 . Average Temperature 32 | . 22 48 . . . 73 . Received Heat Transfer 768 | . 195 78 . . 54 405 36 Siege Activations . | . . . . . . . . Robots Corrupted . | . . . . . . . . Combat Hostiles . | . . . . . . . . Parts Fried . | . . . . . . . . Impact Corruptions 1 | . . . . . . . 1 Robots Melted . | . . . . . . . . Combat Hostiles . | . . . . . . . . Parts Melted 3 | . . 1 . 2 . . . Heat Transferred 700 | . 450 200 . 50 . . . Parts Sabotaged . | . . . . . . . . Parts Stolen 4 | . . . . . . . 4 Parts Stripped . | . . . . . . . . Power Chain Reactions . | . . . . . . . . Alert | -11 -10 -10 -10 -9 -8 -7 -7 ------- Run | Yrd Mat Min Exi Min Mat Fac Low Peak Influence 453 | . 214 213 . 40 196 453 . Initial 88 | . . 83 . . 15 88 . Average 162 | . 127 168 . 26 67 246 . Maximum Alert Level 2 | . 1 1 . . . 2 . Low Security (%) 65 | . 75 64 . 100 100 38 . Level 1 32 | . 24 35 . . . 55 . Level 2 2 | . . . . . . 5 . Level 3 . | . . . . . . . . Level 4 . | . . . . . . . . Level 5 . | . . . . . . . . High Security . | . . . . . . . . Max Security . | . . . . . . . . Squads Dispatched 11 | . 1 . . . 1 9 . Investigation 4 | . . . . . . 4 . Extermination 1 | . . . . . . 1 . Reinforcement 3 | . 1 . . . 1 1 . Assault . | . . . . . . . . Garrison 3 | . . . . . . 3 . Intercept . | . . . . . . . . Searches Triggered . | . . . . . . . . Construction Impeded . | . . . . . . . . Haulers Reinforced . | . . . . . . . . Active Scanning Responses . | . . . . . . . . Cargo Convoy Interrupts . | . . . . . . . . Stealth | -11 -10 -10 -10 -9 -8 -7 -7 --------- Run | Yrd Mat Min Exi Min Mat Fac Low Distress Signals 5 | . 2 . . . 1 2 . Communications Jammed . | . . . . . . . . Distress Signals . | . . . . . . . . Times Spotted 80 | . 9 4 . 1 13 41 12 Peak Tracking Total 7 | . 3 2 . 2 3 6 7 Tactical Retreats 10 | . 1 . . . 1 8 . Traps | -11 -10 -10 -10 -9 -8 -7 -7 ------- Run | Yrd Mat Min Exi Min Mat Fac Low Traps Triggered 4 | . . . . . . 4 . Indirectly . | . . . . . . . . Trap Hack Attempts . | . . . . . . . . Triggered . | . . . . . . . . Disarmed . | . . . . . . . . Reprogrammed 1 | . . . . . . 1 . Reused . | . . . . . . . . Traps Extracted . | . . . . . . . . Installed . | . . . . . . . . Triggered 3 | . . 1 . . . . 2 Machines | -11 -10 -10 -10 -9 -8 -7 -7 ---------- Run | Yrd Mat Min Exi Min Mat Fac Low Machines Disabled . | . . . . . . . . Max in Single Turn . | . . . . . . . . Machines Repaired . | . . . . . . . . Machines Dismantled . | . . . . . . . . Machines Sabotaged . | . . . . . . . . Overloaded Fab Kills . | . . . . . . . . Hacking | -11 -10 -10 -10 -9 -8 -7 -7 --------- Run | Yrd Mat Min Exi Min Mat Fac Low Machines Accessed 23 | . 3 . 1 1 3 15 . Terminals 15 | . 3 . . . 3 9 . Fabricators . | . . . . . . . . Repair Stations 4 | . . . . . . 4 . Recycling Units . | . . . . . . . . Scanalyzers 2 | . . . . . . 2 . Garrison Access . | . . . . . . . . Total Hacks 59 | . 6 . 1 1 10 41 . Successful 34 | . 5 . 1 1 6 21 . Failed 25 | . 1 . . . 4 20 . Catastrophic 6 | . 1 . . . . 5 . Database Lockouts . | . . . . . . . . Manual 25 | . 4 . 1 . 6 14 . Terminals 37 | . 6 . . . 10 21 . Fabricators . | . . . . . . . . Repair Stations 13 | . . . . . . 13 . Recycling Units . | . . . . . . . . Scanalyzers 7 | . . . . . . 7 . Garrison Access . | . . . . . . . . Terminal Hacks 15 | . 2 . 1 1 4 7 . Record 1 | . . . . . . 1 . Prototype ID Bank 1 | . . . . . . 1 . Open Door 1 | . . . . 1 . . . Open DSF 1 | . . . . . . 1 . Branch Access Points 1 | . . . . . 1 . . Alert Level 1 | . 1 . . . . . . Unreport Threat 1 | . . . . . . 1 . Reprogram Traps 1 | . . . . . . 1 . Surveillance Status 1 | . . . . . . 1 . Hauler Manifests 1 | . . . . . 1 . . Zone Layout 4 | . 1 . . . 2 1 . Derelict Proto ID Bank 1 | . . . 1 . . . . Fabricator Hacks . | . . . . . . . . Repair Station Hacks 6 | . . . . . . 6 . Scan Component 5 | . . . . . . 5 . Repair 1 | . . . . . . 1 . Recycling Unit Hacks . | . . . . . . . . Scanalyzer 6 | . . . . . . 6 . Insert Component 3 | . . . . . . 3 . Analyze 3 | . . . . . . 3 . Garrison Access Hacks . | . . . . . . . . Unauthorized Hacks 7 | . 3 . . . 2 2 . Terminals 7 | . 3 . . . 2 2 . Botnet 7 | . 3 . . . 2 2 . Fabricators . | . . . . . . . . Repair Stations . | . . . . . . . . Recycling Units . | . . . . . . . . Scanalyzers . | . . . . . . . . Garrison Access . | . . . . . . . . Data Cores Recovered . | . . . . . . . . Used . | . . . . . . . . Hacking Detections 20 | . 3 . . . 3 14 . Full Trace Events 3 | . . . . . . 3 . Feedback Events . | . . . . . . . . Feedback Blocked . | . . . . . . . . Robot Schematics Acquired . | . . . . . . . . Robots Built . | . . . . . . . . Authchips . | . . . . . . . . Time . | . . . . . . . . Total Robot Build Rating . | . . . . . . . . Part Schematics Acquired 3 | . . . . . . 3 . Parts Built . | . . . . . . . . Authchips . | . . . . . . . . Time . | . . . . . . . . Total Part Build Rating . | . . . . . . . . Parts Repaired 1 | . . . . . . 1 . Time 19 | . . . . . . 19 . Parts Recycled . | . . . . . . . . Recycled Matter . | . . . . . . . . Retrieved Matter . | . . . . . . . . Retrieved Components . | . . . . . . . . Parts Scanalyzed 3 | . . . . . . 3 . Part Schematics Acquired 3 | . . . . . . 3 . Parts Damaged . | . . . . . . . . Bothacking | -11 -10 -10 -10 -9 -8 -7 -7 ------------ Run | Yrd Mat Min Exi Min Mat Fac Low Used RIF Installer . | . . . . . . . . Robots Hacked . | . . . . . . . . Non-combat . | . . . . . . . . Combat . | . . . . . . . . Robot Hacks Applied . | . . . . . . . . Relay Couplers Released . | . . . . . . . . Fabnet Peak Effective % . | . . . . . . . . Robots Rewired . | . . . . . . . . Allies Hacked . | . . . . . . . . Hacks Repelled . | . . . . . . . . Allies | -11 -10 -10 -10 -9 -8 -7 -7 -------- Run | Yrd Mat Min Exi Min Mat Fac Low Total Allies 3 | . . 3 . . . . . Largest Group 3 | . . 3 3 3 2 . . Highest-Rated Group 40 | . . 40 40 40 32 . . Highest-Rated Ally 16 | . . 16 16 16 16 . . Total Orders . | . . . . . . . . Ally Attacks 23 | . . . . 11 12 . . Total Damage 265 | . . . . 139 126 . . Kills 2 | . . . . 1 1 . . Allies Corrupted . | . . . . . . . . Allies Melted . | . . . . . . . . Intel | -11 -10 -10 -10 -9 -8 -7 -7 ------- Run | Yrd Mat Min Exi Min Mat Fac Low Robot Analysis Total . | . . . . . . . . Derelict Logs Recovered 1 | . . . . 1 . . . Drone Launches . | . . . . . . . . Drone Recoveries . | . . . . . . . . Exploration | -11 -10 -10 -10 -9 -8 -7 -7 ------------- Run | Yrd Mat Min Exi Min Mat Fac Low Turns Passed 3363 | . 283 203 214 367 723 1516 57 Spaces Moved 2548 | 1 186 197 231 355 390 1118 70 Core . | . . . . . . . . Treads . | . . . . . . . . Legs 642 | 1 5 . . . 68 568 . Wheels 1358 | . 181 197 231 355 322 72 . Hover . | . . . . . . . . Flight 548 | . . . . . . 478 70 Fastest Speed 29 | 120 80 80 80 80 86 29 29 Average Speed 83 | 120 81 80 80 93 95 80 29 Slowest Speed 355 | 120 120 80 80 95 190 355 35 Overloaded Moves . | . . . . . . . . Propulsion Burnouts . | . . . . . . . . Robots Hopped 1 | . . . . . . . 1 Cave-ins Triggered 1 | . . . . . . 1 . Exploration Rate (%) 37 | 2 41 38 60 68 33 38 18 Regions Visited 7 Branch Regions 4 Pre-discovered Areas . | . . . . . . . . Known Exits Taken 1 | . . . . . . 1 . Unknown Exits Taken 6 | 1 1 1 1 1 1 . . Scrap Searched . | . . . . . . . . Spaces Dug 25 | . . . . . . 25 . Terrain Destroyed 61 | . . . . . . 25 36 Melee 25 | . . . . . . 25 . Projectile . | . . . . . . . . AOE 36 | . . . . . . . 36 Terrain Rammed . | . . . . . . . . Walls Destroyed . | . . . . . . . . Machines Disabled . | . . . . . . . . Actions | -11 -10 -10 -10 -9 -8 -7 -7 --------- Run | Yrd Mat Min Exi Min Mat Fac Low Total 3576 | . 269 224 259 388 720 1617 99 Wait 664 | . 35 15 27 27 265 295 . Move 2539 | . 185 196 230 354 389 1117 68 Hop 1 | . . . . . . . 1 Pick Up 36 | . 7 . 2 2 12 13 . Fast Attach 26 | . 3 . . . 6 17 . Attach 27 | . 3 1 . . 5 13 5 Detach 4 | . . . . . 1 3 . Swap 23 | . 2 1 . . 6 14 . Drop 61 | . 9 2 . 3 15 29 3 Fire 38 | . 25 9 . 2 . . 2 Melee 122 | . . . . . 21 98 3 Ram 2 | . . . . . . . 2 Kick . | . . . . . . . . Crush . | . . . . . . . . Escape Stasis 18 | . . . . . . 18 . Rewire 15 | . . . . . . . 15 Trap . | . . . . . . . . Miscellaneous . | . . . . . . . . Route ------- -11/Scrapyard -10/Materials -10/Mines -10/Exiles -9/Mines -8/Materials -7/Factory -7/Lower Caves (discovered 1 exit: Low) History --------- Turn | Location | Event 1 | -11/Scrapyard | Discovered new exit (range 0) 1 | -11/Scrapyard | Entered Materials 248 | -10/Materials | Discovered new exit (range 14) 284 | -10/Materials | Entered Mines 299 | -10/Mines | Core integrity fell below 50% 329 | -10/Mines | Build established: Mutant 453 | -10/Mines | Assisted by bots powering up and referring to "LRC-V3" 468 | -10/Mines | Deemed a non-threat by the Exiles lab entrance 469 | -10/Mines | Discovered new exit (range 5) 487 | -10/Mines | Entered Exiles 487 | -10/Exiles | Accompanied by 3 allies 507 | -10/Exiles | Met 8R-AWN 521 | -10/Exiles | Met EX-HEX 546 | -10/Exiles | Met EX-BIN 555 | -10/Exiles | Aligned with FarCom system 556 | -10/Exiles | Given EX-Vault access code 574 | -10/Exiles | Opened EX-Vault 578 | -10/Exiles | Found 0b10 Alert Chip 593 | -10/Exiles | Found Longsword +1 610 | -10/Exiles | Warned to stay clear of 0b10 Research branches 633 | -10/Exiles | Met EX-DEC 666 | -10/Exiles | Discovered new exit (range 12) 701 | -10/Exiles | Stole two prototypes: 0b10 Alert Chip, Longsword +1 701 | -10/Exiles | Entered Mines 701 | -9/Mines | Accompanied by 3 allies 734 | -9/Mines | Met a Derelict who couldn't figure out how to use a Trap Extractor 789 | -9/Mines | Learned location of 1 exit from Lower Caves 1056 | -9/Mines | Discovered new exit (range 8) 1068 | -9/Mines | Entered Materials 1068 | -8/Materials | Accompanied by 2 allies 1068 | -8/Materials | Evolved 4 slots: Propulsion x1, Utility x2, Weapon x1 1131 | -8/Materials | Found Prototype Launcher 1132 | -8/Materials | Identified Rocket Array 1582 | -8/Materials | Build established: Gladiator 1759 | -8/Materials | Discovered new exit (range 16) 1791 | -8/Materials | Entered Factory 1791 | -7/Factory | Evolved 2 slots: Utility x2 1793 | -7/Factory | FarCom data flow suspended 1895 | -7/Factory | Repaired Carbon-fiber Leg 2863 | -7/Factory | Garrison activated, responded to threat 3092 | -7/Factory | Crushed by falling debris 3295 | -7/Factory | Discovered new exit (range 7) 3304 | -7/Factory | Identified exit to Lower Caves 3307 | -7/Factory | Entered Lower Caves 3307 | -7/Lower Caves | Spotted B6-WQ9(f) 3307 | -7/Lower Caves | Spotted 2Z-Z28(f) 3308 | -7/Lower Caves | Identified exit to Lower Caves 3308 | -7/Lower Caves | Spotted S0-G3B(f) 3309 | -7/Lower Caves | Encountered a Master Thief 3309 | -7/Lower Caves | Encountered a Master Thief 3309 | -7/Lower Caves | Encountered a Master Thief 3309 | -7/Lower Caves | Core integrity fell below 50% 3312 | -7/Lower Caves | Longsword +1 stolen by Master Thief 3313 | -7/Lower Caves | Xenon Bombardment Thruster stolen by Master Thief 3315 | -7/Lower Caves | Powered Hammer stolen by Master Thief 3341 | -7/Lower Caves | Attracted the attention of an 0b10 outpost 3360 | -7/Lower Caves | Core integrity fell below 20% 3364 | -7/Lower Caves | Destroyed by Y-64 Sentinel with KE Penetrator Last Messages --------------- 03346_ Penetrated by Slug. 03346_ Dropped Rocket Array. 03347_ Dropped Mic. Nuclear Core. 03349_ Penetrated by Slug. 03350_ The unstable cave ceiling collapses. 03350_ Attempting to rewire L-41 Fighter. 03354_ The unstable cave ceiling collapses. 03354_ Attempting to rewire L-41 Fighter. 03356_ The unstable cave ceiling collapses. 03356_ L-41 Fighter crushed by falling debris. 03356_ Attempting to rewire L-41 Fighter. 03357_ Cesium-ion Thruster destroyed. 03358_ Attempting to rewire L-41 Fighter. 03358_ Penetrated by Slug. 03359_ Attempting to rewire L-41 Fighter. 03361_ Penetrated by Slug. 03361_ Structural Scanner severed. 03362_ Attempting to rewire L-41 Fighter. 03364_ Armor Integrity Analyzer severed. 03364_ Attempting to rewire L-41 Fighter. Map ----- +----------------------------------------------------+ | ????????????????????????????????????????########## | | ???????????????????????????????????????########### | | ???????????????????????????????????????### ## | | ???????????????????????????????????????## ?# | | ????????????????????????????????######### ?# | | ????????????????????????????????######### ##?# | | ?????????????????????????######### ### #### | | ?????????????????????????######### ### #### | | ?????????????????????????## ### | | ?????????????????????????## ### | | ??????????????????????##### ##### ## ## ### | | ?????????? ?????????##### ###### ## ## | | ??????????## ?????????## ## ##?### ## # | | ??????????## ???????## # ##### | | ??????????## ??????## ##### | | ??????????## ??????### ##### | | ??????????## ???###### ##### """ | | ??????????## ??###### ######## "" | | ???????###### ### #### ######### """ | | ???????### ## ###]##### ##?### "" | | ??????? !*##### ###?## """ | | ????????## ### ###### "" | | ????????### ## ##### " | | ????????### #### | | ????????## ## % # l ####### | | ???????? ? ## " l@ ####### ## | | ????????? ????## " YY ## ##?### ## | | ??????????? " " ## #### ???? ## | | ??????????# # " ##### ????? ?? | | ??????????## # # " ###???????????? | | ?????????? #### "# ###????????????? | | ??????????? #### ### ####????????????? | | ??????????????## ###?????????????? | | ?????????????? # ##### ###??????????????? | | ??????????? ######## ###??????????????? | | ???????????#### ###??#### #???????????????? | | ???????????#### ##????#### ???????????????? | | ?????????????### ## ????????## ??????????????? | | ?????????????####### ?????????## ???????????????? | | ?????????????????####?????????####???????????????? | | ???????????????????????????????###???????????????? | | ?????????????????????????????????????????????????? | | ?????????????????????????????????????????????????? | | ?????????????????????????????????????????????????? | | ?????????????????????????????????????????????????? | | ?????????????????????????????????????????????????? | | ?????????????????????????????????????????????????? | | ?????????????????????????????????????????????????? | | ?????????????????????????????????????????????????? | | ?????????????????????????????????????????????????? | +----------------------------------------------------+ Best States ------------- Heat Dissipation 34 Energy Generation 16 Energy Capacity 290 Matter Stores 300 Matter Capacity 300 Sight Range 16 Robot Scan Range 15 Terrain Scan Density 10 Armor Coverage 600 Utility Shielding 66 Melee Speed Boost 20 Evasion (%) 64 Targeting Accuracy 8 Melee Accuracy 6 Target Analysis 5 Armor Integrity Analysis 30 Force Boost 20 Item Schematics ----------------- Gauss Rifle | -7/Factory | Scanalyzed Hvy. Armor Plating | -7/Factory | Scanalyzed Greatsword | -7/Factory | Scanalyzed Robot Schematics ------------------ None Fabricated ------------ Nothing Alien Tech Used ----------------- None Achievements -------------- None Challenges ------------ None Game ------ Seed ActiveThrusterFilter Manual? 0 Play Time 00:55:56 Cumulative 84.9 hours Start 2025.01.05 @ 11:49:04 End 2025.01.05 @ 12:45:30 Sessions 1 Manual Loads 0 Difficulty Rogue Special Mode None Game No. 66 Rogue 66 Adventurer 0 Explorer 0 Win Type - Total 1 Types 1/0/0/0/0/0/0/0/0 Lore% 26 Gallery% 52 Achievement% 42 Wizard Run 0 Options --------- Layout 0 ASCII 0 Keyboard 0 Movement Arrows Keybinds 0 Fullscreen 2 Font 18/X11 Map View 76x50 Zoom Use 0% Tactical HUD 1 Map Filters NONE Filters NONE Steam 0 RUN: 461d9c4f-11b3-4b97-90ae-45e86482daf8